 Dungeon Crawl Stone Soup version 0.21-a0-536-gdbbf329 (webtiles) character file.

246 slep the Chopper (level 5, -5/41 HPs)
             Began as a Demonspawn Gladiator on Dec 15, 2017.
             Blown up by Ijyb (11 damage)
             ... with a wand of disintegration (12)
             ... on level 3 of the Dungeon.
             The game lasted 00:06:17 (1951 turns).

slep the Chopper (Demonspawn Gladiator)             Turns: 1951, Time: 00:06:17

Health: -5/41      AC:  4    Str: 15    XL:     5   Next: 84%
Magic:  5/5        EV: 16    Int:  9    God:
Gold:   160        SH:  0    Dex: 15    Spells: 4/4 levels left

rFire    x . .     SeeInvis .   a - +0 war axe
rCold    + . .     Gourm    .   (no shield)
rNeg     . . .     Faith    .   b - +0 leather armour
rPois    .         Spirit   .   c - +0 helmet
rElec    .         Reflect  .   (no cloak)
rCorr    .         Harm     .   (no gloves)
MR       .....                  (no boots)
Stlth    +.........             (no amulet)
HPRegen  0.13/turn              s - ring of ice
MPRegen  0.09/turn              (no ring)

@: no status effects
A: talons 1, repulsion field 2
a: no special abilities


You were on level 3 of the Dungeon.
You were not hungry.

You visited 1 branch of the dungeon, and saw 3 of its levels.

You collected 160 gold pieces.

Inventory:

Hand Weapons
 a - a +0 war axe (weapon)
Missiles
 d - 3 throwing nets (quivered)
Armour
 b - a +0 leather armour (worn)
 c - a +0 helmet (worn)
Jewellery
 s - a ring of ice (left hand)
Scrolls
 i - 3 scrolls of remove curse {unknown}
 j - a scroll of fear {unknown}
 k - a scroll of identify {unknown}
 l - a scroll of amnesia {unknown}
 n - a scroll of teleportation {unknown}
 p - a scroll of fog {unknown}
 u - a scroll of enchant armour {unknown}
Potions
 e - a potion of cancellation {unknown}
 g - 2 potions of curing {unknown}
 h - a potion of invisibility {unknown}
 m - a potion of flight {unknown}
 o - a potion of brilliance {unknown}
 q - a potion of degeneration {unknown}
 t - a potion of berserk rage {unknown}
 w - a potion of ambrosia {unknown}
Comestibles
 f - 4 bread rations
 r - a meat ration
 v - 10 chunks of flesh


   Skills:
 + Level 3.2 Fighting
 + Level 4.2 Axes
 + Level 1.8 Throwing
 + Level 1.8 Armour
 + Level 3.7 Dodging
 + Level 0.4 Stealth


You had 4 spell levels left.
You didn't know any spells.

Dungeon Overview and Level Annotations

Branches:
Dungeon (3/15)

Altars:
Cheibriados

Annotations:
D:3 Ijyb


Innate Abilities, Weirdness & Mutations

You have sharp toenails.
You are surrounded by a moderate repulsion field. (EV +3)


Message History

Ijyb hits you but does no damage. Ijyb misses you.
You completely miss Ijyb. You claw Ijyb.
Ijyb is severely wounded.
Ijyb misses you.
You hit Ijyb but do no damage.
Ijyb is severely wounded.
Ijyb hits you but does no damage.
You closely miss Ijyb.
Ijyb is severely wounded.
Ijyb zaps a wand.
You are blasted!
* * * LOW HITPOINT WARNING * * *
It is a wand of disintegration (13).
You hit Ijyb but do no damage.
Ijyb is severely wounded.
Ijyb zaps a wand.
You barely resist. Ijyb hits you but does no damage.
You closely miss Ijyb.
Ijyb is severely wounded.
Ijyb screams, "I no like you!"
Ijyb zaps a wand.
You are blasted!
You die...

...#######
#.......#
#.#####@#
#g# $..
...##
#.### ...
#. #.#.#
#. #.#.# [
#.#.#
#.#.###


You could see Ijyb.

Vanquished Creatures
  Natasha (thrice) (D:2)
  Robin (D:3)
  7 adders
  An ooze (D:2)
  A worm (D:2)
  2 dart slugs
  4 leopard geckos
  4 orcs (D:3)
  3 ball pythons (D:2)
  A giant cockroach (D:2)
  12 goblins
  10 hobgoblins
  4 jackals (D:1)
  8 kobolds
  A quokka (D:3)
  11 bats
  4 frilled lizards
  7 rats
84 creatures vanquished.

Notes
Turn   | Place    | Note
-------+----------+-------------------------------------------
     0 | D:1      | slep the Demonspawn Gladiator began the quest for the Orb.
     0 | D:1      | Reached XP level 1. HP: 16/16 MP: 1/1
    88 | D:1      | Gained mutation: You are surrounded by a mild repulsion field. (EV +2) [demonic ancestry]
    88 | D:1      | Reached XP level 2. HP: 3/22 MP: 2/2
   582 | D:1      | Reached skill level 3 in Axes
   697 | D:1      | Gained mutation: You have sharp toenails. [demonic ancestry]
   697 | D:1      | Reached XP level 3. HP: 24/28 MP: 3/3
  1101 | D:2      | Reached XP level 4. HP: 34/34 MP: 4/4
  1103 | D:2      | Reached skill level 1 in Armour
  1119 | D:2      | Noticed Natasha
  1132 | D:2      | Killed Natasha
  1151 | D:2      | Noticed Natasha
  1161 | D:2      | Killed Natasha
  1392 | D:2      | Noticed Natasha
  1402 | D:2      | Killed Natasha
  1402 | D:2      | Gained mutation: You are surrounded by a moderate repulsion field. (EV +3) [demonic ancestry]
  1402 | D:2      | Reached XP level 5. HP: 25/40 MP: 5/5
  1702 | D:3      | Found a snail-covered altar of Cheibriados.
  1782 | D:3      | Reached skill level 4 in Axes
  1832 | D:3      | Noticed Robin
  1837 | D:3      | Killed Robin
  1933 | D:3      | Noticed Ijyb
  1951 | D:3      | Blown up by Ijyb

Vault maps used:
D:1:      minmay_arrival_pointy
D:2:      uniq_natasha
D:3:      cheibriados_altar_1, roderic_roman_lattice, serial_bayou_pond_d,
          uniq_robin, uniq_ijyb, uniq_grinder, uniq_jessica

Skill      XL: |  1  2  3  4  5 |
---------------+----------------+-----
Axes           | 3 4 |  4.2
Dodging        | 3 |  3.7
Armour         | 1 |  1.8
Fighting       | 3 |  3.2
Throwing       | |  1.8
Stealth        | |  0.4

Action                   |  1- 3 |  4- 6 || total
-------------------------+-------+-------++-------
Melee: War axe           |   112 |   112 ||   224
       Kick              |     7 |    27 ||    34
 Stab: Sleeping          |       |     1 ||     1
  Eat: Chunk             |     1 |     3 ||     4
Armor: Leather armour    |    50 |    21 ||    71
Dodge: Dodged            |   138 |    98 ||   236

Table legend:
 A = Spawn XP
 B = Non-spawn XP
 C = Spawn XP percentage of total XP
 D = Spawn monster count
 E = Non-spawn monster count
 F = Spawn count percentage of total count
 G = Total turns spent on level
                    A         B        C        D         E        F      G
               +---------+---------+-------+---------+---------+-------+---------
         Total |       0 |     352 |   0.0 |       0 |      84 |   0.0 |  1951
               +---------+---------+-------+---------+---------+-------+---------
           D:1 |       0 |      44 |   0.0 |       0 |      24 |   0.0 |   862
           D:2 |       0 |     168 |   0.0 |       0 |      28 |   0.0 |   652
           D:3 |       0 |     140 |   0.0 |       0 |      32 |   0.0 |   437
               +---------+---------+-------+---------+---------+-------+---------
